General information
- name: BNet
- type: Ladder team game (AT/RT)
- host: Battle.net
- saver: Gobiner
map: Monsoon
- players: 6
- length: 68:02
- speed: Fast
- version: 1.21 W3XP
- replay type: Public
» download(476 KB)
Players
team 1 (loser)
Blahsmack (
teal | 51 APM | 3473 actions | 68:02)
7 Blademaster
3 Wind Walk
3 Critical Strike
1 Bladestorm
» actions
| Assign group hotkey | 1 | |
| Basic commands | 105 | |
| Build / train | 102 | |
| Enter build submenu | 32 | |
| Enter hero's abilities submenu | 7 | |
| Give item / drop item | 9 | |
| Remove unit from queue | 8 | |
| Right click | 2268 | |
| Select / deselect | 658 | |
| Use ability | 282 | |
3473 total
» units
» upgrades
| Spiked Barricades | 1 | |
| Liquid Fire | 1 | |
| Reinforced Defenses | 1 | |
| Ranged Weapons | 2 | |
5 total
» buildings
| Orc Burrow | 5 | |
| War Mill | 1 | |
| Altar of Storms | 1 | |
| Watch Tower | 63 | |
| Voodoo Lounge | 3 | |
| Stronghold | 1 | |
| Beastiary | 3 | |
| Fortress | 1 | |
78 total
» build order
00:08 Orc Burrow
00:14 War Mill
00:30 Altar of Storms
01:54 Watch Tower
02:06 Watch Tower
02:17 Orc Burrow
02:37 Watch Tower
03:57 Watch Tower
03:58 Watch Tower
03:59 Watch Tower
04:18 Voodoo Lounge
04:42 Watch Tower
04:43 Watch Tower
04:49 Watch Tower
04:50 Watch Tower
05:29 Watch Tower
06:06 Stronghold
06:51 Watch Tower
06:56 Watch Tower
06:57 Watch Tower
08:22 Watch Tower
08:22 Watch Tower
08:23 Watch Tower
08:56 Beastiary
08:57 Beastiary
08:58 Beastiary
09:32 Watch Tower
09:33 Watch Tower
09:34 Watch Tower
09:36 Watch Tower
10:31 Fortress
10:48 Watch Tower
12:47 Watch Tower
12:57 Watch Tower
12:58 Watch Tower
13:00 Watch Tower
13:02 Watch Tower
13:04 Watch Tower
13:05 Watch Tower
13:49 Voodoo Lounge
13:51 Voodoo Lounge
14:27 Orc Burrow
14:29 Orc Burrow
14:30 Orc Burrow
22:24 Watch Tower
22:25 Watch Tower
22:27 Watch Tower
22:27 Watch Tower
24:26 Watch Tower
24:27 Watch Tower
24:28 Watch Tower
24:29 Watch Tower
24:30 Watch Tower
24:31 Watch Tower
24:33 Watch Tower
24:33 Watch Tower
29:02 Watch Tower
29:02 Watch Tower
32:03 Watch Tower
32:05 Watch Tower
32:06 Watch Tower
32:08 Watch Tower
32:09 Watch Tower
32:10 Watch Tower
34:18 Watch Tower
34:20 Watch Tower
34:21 Watch Tower
34:22 Watch Tower
34:23 Watch Tower
34:24 Watch Tower
40:06 Watch Tower
40:07 Watch Tower
40:07 Watch Tower
40:11 Watch Tower
40:11 Watch Tower
40:34 Watch Tower
40:34 Watch Tower
41:11 Watch Tower
» items
| Lesser Clarity Potion | 1 | |
| Scroll of Regeneration | 1 | |
| Potion of Healing | 4 | |
| Healing Salve | 1 | |
| Staff of Teleportation | 1 | |
| Boots of Speed | 1 | |
| Circlet of Nobility | 1 | |
| Orb of Lightning | 1 | |
| Tiny Great Hall | 1 | |
| Potion of Mana | 4 | |
16 total
BRB.PIZZA (
green | 95 APM | 6459 actions | 68:02)
8 Mountain King
3 Storm Bolt
3 Bash
1 Avatar
1 Thunder Clap
5 Paladin
3 Holy Light
2 Divine Shield
3 Blood Mage
1 Banish
2 Flame Strike
» actions
| Assign group hotkey | 6 | |
| Basic commands | 36 | |
| Build / train | 115 | |
| ESC pressed | 7 | |
| Enter build submenu | 54 | |
| Enter hero's abilities submenu | 17 | |
| Give item / drop item | 28 | |
| Right click | 4358 | |
| Select / deselect | 891 | |
| Select group hotkey | 629 | |
| Use ability | 317 | |
6459 total
» units
» upgrades
» buildings
| Altar of Kings | 3 | |
| Farm | 9 | |
| Scout Tower | 45 | |
| Lumber Mill | 2 | |
| Arcane Tower | 4 | |
| Arcane Vault | 5 | |
| Guard Tower | 24 | |
| Town Hall | 4 | |
| Keep | 1 | |
| Castle | 1 | |
98 total
» build order
00:06 Altar of Kings
00:34 Farm
00:39 Scout Tower
01:06 Lumber Mill
01:10 Arcane Tower
01:44 Farm
02:14 Arcane Vault
02:22 Scout Tower
02:43 Arcane Vault
02:53 Scout Tower
03:15 Guard Tower
03:25 Scout Tower
03:30 Farm
04:13 Guard Tower
05:40 Guard Tower
05:46 Scout Tower
06:16 Guard Tower
06:35 Scout Tower
06:43 Scout Tower
06:44 Scout Tower
06:45 Scout Tower
07:03 Scout Tower
07:04 Scout Tower
07:04 Scout Tower
07:06 Arcane Tower
07:29 Guard Tower
07:31 Scout Tower
07:32 Scout Tower
07:34 Arcane Tower
07:56 Guard Tower
08:13 Guard Tower
08:56 Scout Tower
08:56 Scout Tower
08:57 Scout Tower
09:24 Arcane Vault
10:30 Town Hall
11:10 Lumber Mill
14:01 Scout Tower
14:02 Scout Tower
14:03 Scout Tower
14:06 Scout Tower
14:07 Scout Tower
14:09 Scout Tower
14:30 Guard Tower
14:36 Guard Tower
14:37 Arcane Tower
15:26 Guard Tower
15:29 Scout Tower
15:45 Guard Tower
15:56 Scout Tower
16:19 Guard Tower
17:08 Guard Tower
17:29 Scout Tower
17:29 Scout Tower
17:51 Scout Tower
17:52 Scout Tower
17:59 Guard Tower
18:11 Guard Tower
18:36 Guard Tower
18:40 Guard Tower
20:02 Town Hall
22:06 Town Hall
23:16 Keep
25:51 Altar of Kings
27:19 Scout Tower
27:20 Scout Tower
27:21 Scout Tower
27:21 Scout Tower
27:21 Scout Tower
27:22 Scout Tower
28:01 Scout Tower
28:05 Guard Tower
28:29 Guard Tower
30:34 Castle
32:10 Farm
32:12 Farm
32:18 Farm
33:12 Arcane Vault
34:24 Scout Tower
34:25 Scout Tower
34:26 Scout Tower
34:28 Scout Tower
34:29 Scout Tower
34:55 Guard Tower
34:56 Guard Tower
35:23 Guard Tower
38:50 Scout Tower
39:53 Arcane Vault
41:55 Scout Tower
41:56 Scout Tower
42:22 Scout Tower
42:28 Town Hall
42:29 Guard Tower
43:11 Guard Tower
48:43 Altar of Kings
48:44 Farm
48:58 Farm
48:59 Farm
» items
| Staff of Teleportation | 3 | |
| Boots of Speed | 3 | |
| Lesser Clarity Potion | 12 | |
| Scroll of Regeneration | 3 | |
| Healing Salve | 6 | |
| Potion of Mana | 2 | |
| Potion of Lesser Invulnerability | 4 | |
| Orb of Lightning | 2 | |
| Potion of Healing | 2 | |
| Staff of Sanctuary | 2 | |
39 total
Gobiner (
yellow | 49 APM | 3342 actions | 68:02)
7 Archmage
3 Blizzard
3 Brilliance Aura
1 Mass Teleport
6 Blood Mage
3 Flame Strike
2 Siphon Mana
1 Summon Phoenix
» actions
| Assign group hotkey | 16 | |
| Basic commands | 50 | |
| Build / train | 135 | |
| ESC pressed | 3 | |
| Enter build submenu | 40 | |
| Enter hero's abilities submenu | 13 | |
| Give item / drop item | 13 | |
| Right click | 1330 | |
| Select / deselect | 577 | |
| Select group hotkey | 740 | |
| Use ability | 425 | |
3342 total
» units
| Peasant | 18 | |
| Priest | 3 | |
| Sorceress | 4 | |
| Dragonhawk Rider | 14 | |
39 total
» upgrades
| Masonry | 3 | |
| Magic Sentry | 1 | |
| Lumber Harvesting | 3 | |
| Sorceress Training | 2 | |
| Backpack | 1 | |
| Priest Training | 2 | |
| Animal War Training | 1 | |
| Armor | 3 | |
| Swords | 3 | |
| Cloud | 1 | |
20 total
» buildings
| Altar of Kings | 1 | |
| Lumber Mill | 1 | |
| Farm | 10 | |
| Scout Tower | 50 | |
| Arcane Tower | 2 | |
| Guard Tower | 34 | |
| Keep | 1 | |
| Town Hall | 1 | |
| Arcane Sanctum | 1 | |
| Castle | 1 | |
| Arcane Vault | 1 | |
| Blacksmith | 1 | |
| Barracks | 1 | |
| Gryphon Aviary | 3 | |
108 total
» build order
00:07 Altar of Kings
00:10 Lumber Mill
00:17 Farm
00:56 Scout Tower
01:15 Farm
01:20 Scout Tower
01:22 Arcane Tower
01:22 Arcane Tower
01:48 Guard Tower
01:53 Scout Tower
02:20 Guard Tower
02:22 Scout Tower
02:43 Scout Tower
03:04 Guard Tower
03:23 Keep
03:53 Guard Tower
03:55 Scout Tower
04:01 Farm
04:01 Farm
04:22 Scout Tower
04:23 Guard Tower
04:25 Scout Tower
05:02 Scout Tower
05:03 Scout Tower
05:23 Guard Tower
06:21 Guard Tower
06:22 Scout Tower
06:23 Scout Tower
06:24 Scout Tower
06:58 Guard Tower
07:09 Town Hall
07:20 Arcane Sanctum
07:24 Guard Tower
08:42 Castle
09:01 Scout Tower
09:03 Scout Tower
09:04 Scout Tower
09:11 Scout Tower
09:11 Scout Tower
09:13 Scout Tower
09:38 Farm
09:42 Guard Tower
09:50 Guard Tower
10:20 Guard Tower
10:25 Guard Tower
10:35 Arcane Vault
10:47 Guard Tower
10:51 Guard Tower
10:51 Guard Tower
12:33 Scout Tower
12:34 Scout Tower
12:34 Scout Tower
12:36 Scout Tower
12:36 Scout Tower
12:38 Scout Tower
13:25 Guard Tower
13:52 Guard Tower
14:22 Guard Tower
14:24 Scout Tower
14:24 Scout Tower
14:25 Scout Tower
15:12 Guard Tower
15:15 Guard Tower
15:19 Guard Tower
16:11 Blacksmith
16:13 Barracks
16:14 Gryphon Aviary
16:41 Scout Tower
16:42 Scout Tower
16:44 Scout Tower
16:45 Scout Tower
16:46 Scout Tower
16:48 Scout Tower
16:49 Scout Tower
17:45 Guard Tower
18:10 Guard Tower
18:11 Guard Tower
18:38 Guard Tower
22:10 Scout Tower
22:58 Guard Tower
23:00 Scout Tower
23:01 Scout Tower
24:04 Guard Tower
26:13 Scout Tower
26:15 Scout Tower
26:15 Scout Tower
26:16 Scout Tower
26:17 Scout Tower
26:17 Scout Tower
27:35 Guard Tower
27:38 Guard Tower
27:41 Guard Tower
42:16 Gryphon Aviary
42:19 Gryphon Aviary
48:25 Scout Tower
48:26 Scout Tower
48:28 Scout Tower
48:29 Scout Tower
48:30 Scout Tower
48:30 Scout Tower
48:53 Guard Tower
48:56 Guard Tower
48:59 Guard Tower
59:35 Farm
59:39 Farm
59:40 Farm
59:43 Farm
59:43 Farm
» items
| Boots of Speed | 3 | |
| Staff of Teleportation | 5 | |
| Healing Salve | 3 | |
| Scroll of Speed | 1 | |
| Lesser Clarity Potion | 4 | |
| Staff of Sanctuary | 2 | |
| Orb of Lightning | 2 | |
| Potion of Mana | 2 | |
22 total
team 2 (winner)
Kingsclaws (
purple | 113 APM | 7675 actions | 68:02)
7 Death Knight
3 Death Coil
3 Unholy Aura
1 Death Pact
6 Pit Lord
3 Rain of Fire
2 Howl of Terror
1 Doom
7 Lich
3 Frost Nova
3 Frost Armor
1 Death and Decay
» actions
| Assign group hotkey | 156 | |
| Basic commands | 495 | |
| Build / train | 189 | |
| ESC pressed | 3 | |
| Enter build submenu | 28 | |
| Enter hero's abilities submenu | 20 | |
| Give item / drop item | 8 | |
| Right click | 3279 | |
| Select / deselect | 1701 | |
| Select group hotkey | 1463 | |
| Use ability | 328 | |
7675 total
» units
| Acolyte | 15 | |
| Ghoul | 11 | |
| Crypt Fiend | 48 | |
| Obsidian Statue | 8 | |
| Frost Wyrm | 11 | |
93 total
» upgrades
| Web | 1 | |
| Creature Attack | 3 | |
| Destroyer Form | 1 | |
| Freezing Breath | 1 | |
| Creature Carapace | 2 | |
| Burrow | 1 | |
9 total
» buildings
| Crypt | 1 | |
| Ziggurat | 16 | |
| Graveyard | 1 | |
| Altar of Darkness | 1 | |
| Tomb of Relics | 1 | |
| Spirit Tower | 11 | |
| Nerubian Tower | 2 | |
| Halls of the Dead | 1 | |
| Slaughterhouse | 3 | |
| Black Citadel | 1 | |
| Necropolis | 1 | |
| Sacrificial Pit | 1 | |
| Boneyard | 2 | |
42 total
» build order
00:07 Crypt
00:10 Ziggurat
00:25 Graveyard
00:30 Altar of Darkness
01:16 Tomb of Relics
01:53 Ziggurat
04:19 Spirit Tower
04:22 Nerubian Tower
04:24 Ziggurat
05:03 Halls of the Dead
07:13 Ziggurat
09:38 Spirit Tower
09:43 Ziggurat
10:49 Ziggurat
10:51 Ziggurat
10:53 Ziggurat
10:58 Ziggurat
13:06 Spirit Tower
13:07 Spirit Tower
13:07 Spirit Tower
13:32 Slaughterhouse
18:21 Ziggurat
18:22 Ziggurat
18:23 Ziggurat
18:24 Ziggurat
18:25 Ziggurat
18:26 Ziggurat
18:27 Ziggurat
19:20 Spirit Tower
19:22 Black Citadel
19:30 Spirit Tower
19:30 Spirit Tower
19:31 Nerubian Tower
19:34 Necropolis
22:14 Sacrificial Pit
22:17 Spirit Tower
22:18 Spirit Tower
22:18 Spirit Tower
22:52 Slaughterhouse
24:12 Boneyard
24:15 Boneyard
29:10 Slaughterhouse
» items
| Rod of Necromancy | 1 | |
| Dust of Appearance | 3 | |
| Potion of Lesser Invulnerability | 4 | |
| Scroll of Healing | 8 | |
| Scroll of Protection | 3 | |
| Scroll of Town Portal | 9 | |
| Potion of Healing | 10 | |
| Orb of Corruption | 1 | |
| Potion of Mana | 4 | |
43 total
Mushroomheadman (
orange | 72 APM | 4875 actions | 68:02)
7 Priestess of the Moon
3 Scout
3 Trueshot Aura
1 Starfall
4 Pit Lord
2 Rain of Fire
2 Howl of Terror
» actions
| Assign group hotkey | 33 | |
| Basic commands | 57 | |
| Build / train | 165 | |
| ESC pressed | 5 | |
| Enter build submenu | 72 | |
| Enter hero's abilities submenu | 11 | |
| Right click | 2345 | |
| Select / deselect | 887 | |
| Select group hotkey | 1047 | |
| Use ability | 253 | |
4875 total
» units
| Wisp | 95 | |
| Huntress | 4 | |
| Chimaera | 17 | |
116 total
» upgrades
| Sentinel | 1 | |
| Ultravision | 1 | |
| Corrosive Breath | 1 | |
| Strength of the Wild | 3 | |
| Reinforced Hides | 2 | |
| Nature's Blessing | 1 | |
9 total
» buildings
| Altar of Elders | 1 | |
| Moon Well | 7 | |
| Hunter's Hall | 1 | |
| Ancient of War | 1 | |
| Tree of Ages | 1 | |
| Tree of Life | 10 | |
| Tree of Eternity | 1 | |
| Ancient of Wind | 1 | |
| Ancient Protector | 43 | |
| Chimaera Roost | 4 | |
| Ancient of Wonders | 1 | |
71 total
» build order
00:20 Altar of Elders
00:24 Moon Well
01:41 Hunter's Hall
02:02 Ancient of War
02:30 Moon Well
03:18 Tree of Ages
05:00 Moon Well
06:43 Tree of Life
07:24 Tree of Eternity
07:27 Ancient of Wind
07:41 Ancient Protector
07:44 Ancient Protector
09:44 Ancient Protector
09:53 Chimaera Roost
09:58 Chimaera Roost
10:17 Ancient Protector
10:27 Ancient Protector
10:30 Ancient Protector
11:04 Ancient Protector
12:22 Tree of Life
12:44 Moon Well
13:21 Tree of Life
14:06 Ancient Protector
14:53 Ancient Protector
14:56 Ancient Protector
14:59 Ancient Protector
15:14 Ancient Protector
15:28 Ancient Protector
15:42 Ancient Protector
16:03 Ancient Protector
16:51 Ancient Protector
16:54 Ancient Protector
17:17 Ancient Protector
17:20 Ancient Protector
17:33 Ancient Protector
17:44 Ancient Protector
17:53 Ancient Protector
17:58 Ancient Protector
18:28 Ancient Protector
19:14 Tree of Life
20:38 Ancient of Wonders
22:36 Ancient Protector
22:40 Ancient Protector
22:56 Ancient Protector
23:12 Ancient Protector
23:25 Ancient Protector
23:45 Ancient Protector
23:47 Ancient Protector
24:00 Ancient Protector
24:03 Ancient Protector
24:25 Ancient Protector
24:30 Ancient Protector
24:54 Tree of Life
27:14 Ancient Protector
27:18 Tree of Life
27:24 Ancient Protector
27:26 Ancient Protector
28:06 Ancient Protector
33:09 Tree of Life
33:11 Ancient Protector
33:14 Ancient Protector
33:53 Ancient Protector
33:56 Ancient Protector
37:21 Chimaera Roost
37:23 Chimaera Roost
40:19 Moon Well
41:57 Moon Well
43:58 Tree of Life
44:24 Moon Well
51:25 Tree of Life
54:53 Tree of Life
» items
| Scroll of Town Portal | 6 | |
| Scroll of Healing | 6 | |
| Scroll of Protection | 6 | |
| Potion of Lesser Invulnerability | 4 | |
| Anti-magic Potion | 2 | |
| Potion of Healing | 1 | |
25 total
Only.akky (
pink | 64 APM | 4336 actions | 68:02)
8 Tauren Chieftain
3 Shockwave
3 Endurance Aura
1 Reincarnation
1 War Stomp
» actions
| Assign group hotkey | 71 | |
| Basic commands | 35 | |
| Build / train | 142 | |
| Enter build submenu | 33 | |
| Enter hero's abilities submenu | 8 | |
| Give item / drop item | 3 | |
| Remove unit from queue | 4 | |
| Right click | 2093 | |
| Select / deselect | 925 | |
| Select group hotkey | 788 | |
| Use ability | 234 | |
4336 total
» units
| Peon | 20 | |
| Grunt | 5 | |
| Demolisher | 15 | |
| Troll Batrider | 44 | |
| Raider | 2 | |
| Troll Headhunter/Berserker | 7 | |
| Troll Witch Doctor | 7 | |
100 total
» upgrades
| Berserker Strength | 1 | |
| Spiked Barricades | 1 | |
| Ranged Weapons | 2 | |
| Pillage | 1 | |
| Armor | 1 | |
| Liquid Fire | 1 | |
| Burning Oil | 1 | |
| Ensnare | 1 | |
| Berserker Upgrade | 1 | |
| Troll Regeneration | 2 | |
| Witch Doctor Training | 2 | |
14 total
» buildings
| Altar of Storms | 1 | |
| Orc Burrow | 9 | |
| Barracks | 3 | |
| War Mill | 1 | |
| Voodoo Lounge | 3 | |
| Stronghold | 1 | |
| Watch Tower | 10 | |
| Beastiary | 2 | |
| Fortress | 1 | |
| Great Hall | 1 | |
| Spirit Lodge | 2 | |
34 total
» build order
00:16 Altar of Storms
00:24 Orc Burrow
00:34 Barracks
01:32 Orc Burrow
01:58 War Mill
02:47 Barracks
02:51 Barracks
03:17 Voodoo Lounge
03:40 Stronghold
03:59 Orc Burrow
05:25 Watch Tower
06:43 Beastiary
07:23 Orc Burrow
07:26 Orc Burrow
09:38 Orc Burrow
10:40 Beastiary
12:47 Fortress
13:39 Orc Burrow
24:08 Orc Burrow
25:13 Great Hall
25:18 Watch Tower
25:26 Watch Tower
25:27 Watch Tower
27:12 Watch Tower
27:12 Watch Tower
27:14 Watch Tower
31:11 Spirit Lodge
32:48 Spirit Lodge
34:51 Watch Tower
34:52 Watch Tower
34:52 Watch Tower
38:15 Orc Burrow
60:17 Voodoo Lounge
67:59 Voodoo Lounge
» items
| Healing Salve | 2 | |
| Scroll of Town Portal | 3 | |
| Orb of Lightning | 1 | |
| Potion of Healing | 1 | |
| Scroll of Healing | 1 | |
| Potion of Lesser Invulnerability | 2 | |
| Potion of Mana | 3 | |
13 total
Chat log
(00:02 / All) Gobiner: HUNT
(00:07 / All) BRB.PIZZA: GRUNT
(00:16 / All) Blahsmack: FIEND
(00:17 / Allies) BRB.PIZZA: blah FIEND
(00:17 / All) Kingsclaws: MARDIGRA
(00:27 / Allies) BRB.PIZZA: kingsclaw is old school faggot
(00:44 / Allies) BRB.PIZZA: i remember him from way back
(01:14 / Allies) BRB.PIZZA: wisp
(01:14 / Allies) BRB.PIZZA: scout
(01:35 / Allies) BRB.PIZZA: dead wisp
(01:37 / Allies) BRB.PIZZA: yah
(02:32 / Allies) BRB.PIZZA: gay gay gay
(03:05 / Allies) BRB.PIZZA: owl first
(05:57 / All) Blahsmack: LMAO
(06:39 / Allies) BRB.PIZZA: move
(09:25 / All) Kingsclaws: rofl
(10:25 / Allies) BRB.PIZZA: no
(14:45 / Allies) BRB.PIZZA: blah
(15:10 / Allies) BRB.PIZZA: yes
(15:16 / Allies) BRB.PIZZA: yes
(15:23 / Allies) BRB.PIZZA: mask crown
(15:37 / Allies) BRB.PIZZA: ofc i didnt get all creeps just mains
(16:32 / Allies) BRB.PIZZA: mass abts
(18:27 / Allies) BRB.PIZZA: work on this mo gob
(20:41 / Allies) BRB.PIZZA: bat bases now
(22:37 / All) Kingsclaws: rofl
(22:40 / All) Kingsclaws: wat a bunch of retards
(24:05 / All) Kingsclaws: mayb tomorow
(24:21 / All) Gobiner: manner plz
(24:32 / All) Only.akky: sif mass tower no manner
(24:49 / All) Gobiner: manner plz
(24:54 / All) Only.akky: life plz
(24:57 / All) Kingsclaws: i have a family and kids and i wanted quick game you have no mannered me
(25:14 / All) Gobiner: if you want quick game leave :)
(25:16 / Allies) BRB.PIZZA: oh
(25:22 / All) Only.akky: manner plz
(25:28 / All) Gobiner: this is manner :)
(25:36 / All) Only.akky: telling someone to leave no manners
(25:55 / All) Gobiner: I suggested it you no manner noob
(26:20 / Allies) BRB.PIZZA: bats
(27:04 / Allies) BRB.PIZZA: ugh saw tc
(27:15 / Allies) BRB.PIZZA: blah
(27:27 / All) Gobiner: maybe tomorrow :)
(27:33 / All) Kingsclaws: ^_^
(28:08 / Allies) BRB.PIZZA: w/e
(28:13 / Allies) BRB.PIZZA: mana siphon is cool too
(28:37 / Allies) BRB.PIZZA: havent seen any
(29:23 / Allies) BRB.PIZZA: wyrmz
(31:38 / Allies) BRB.PIZZA: god keep missing the kill shots
(34:07 / Allies) BRB.PIZZA: \lumber me a lil
(34:09 / Allies) BRB.PIZZA: and i will
(40:14 / Allies) BRB.PIZZA: this has more
(42:41 / Allies) BRB.PIZZA: sure
(43:23 / Allies) BRB.PIZZA: fuck that
(44:14 / Allies) BRB.PIZZA: empty
(45:47 / Allies) BRB.PIZZA: mana my mk
(46:11 / Allies) BRB.PIZZA: jhesus
(47:16 / Allies) BRB.PIZZA: you will have to towe gob
(47:28 / Allies) BRB.PIZZA: lol
(47:33 / Allies) BRB.PIZZA: he morphed it into a dead destro
(47:48 / Allies) BRB.PIZZA: good exp
(48:10 / Allies) BRB.PIZZA: lol
(49:41 / Allies) BRB.PIZZA: leave phoenix
(49:42 / Allies) BRB.PIZZA: imo
(49:48 / Allies) BRB.PIZZA: if you arent doing anything with it
(49:53 / Allies) BRB.PIZZA: oh
(50:11 / Allies) BRB.PIZZA: thats pretty useful
(50:33 / Allies) BRB.PIZZA: yah
(51:19 / Allies) BRB.PIZZA: welp
(51:20 / Allies) BRB.PIZZA: welp
(51:21 / Allies) BRB.PIZZA: welp
(51:43 / Allies) BRB.PIZZA: who
(51:46 / Allies) BRB.PIZZA: kmows
(52:46 / Allies) BRB.PIZZA: all ud heroes dead
(56:26 / All) BRB.PIZZA: pretty good ult
(56:49 / Allies) BRB.PIZZA: tt
(57:02 / Allies) BRB.PIZZA: GOB
(57:07 / Allies) BRB.PIZZA: give control or something noob
(60:42 / Allies) BRB.PIZZA: banish bolt will 1 hti kill fiends full health btw
(62:34 / Allies) BRB.PIZZA: i fucked that up for sure
(62:39 / Allies) BRB.PIZZA: gold me gob
(64:08 / Allies) BRB.PIZZA: well a tiny bit more
(64:14 / Allies) BRB.PIZZA: like 80 more
(65:22 / Allies) BRB.PIZZA: my pally needs to revive
(65:28 / Allies) BRB.PIZZA: and he isnt too far in
(65:34 / Allies) BRB.PIZZA: about 1/5
(67:08 / Allies) BRB.PIZZA: fuck right off
(67:11 / Allies) BRB.PIZZA: thats bullshit
(67:14 / All) Kingsclaws: manner plz
(67:18 / Allies) BRB.PIZZA: cant tp to any of my buildings yeah right
(67:26 / Allies) BRB.PIZZA: no
(67:27 / Allies) BRB.PIZZA: you dont
(67:35 / Allies) BRB.PIZZA: basically anything except arcanes or lumber
(67:40 / Allies) BRB.PIZZA: apparatly
(67:48 / Allies) BRB.PIZZA: i cant
(67:54 / Allies) BRB.PIZZA: nope
(67:59 / Allies) BRB.PIZZA: yes
(68:01 / All) Gobiner: NOOBS